 Dungeon Crawl Stone Soup version 0.25-a0-1056-g2efb326896 (webtiles) character file.

Game seed: 2098925956692051744, levelgen mode: deterministic

32 MisterFreud the Skirmisher (level 3, -1/26 HPs)
             Began as an Octopode Gladiator on May 13, 2020.
             Slain by a gnoll
             ... wielding a +0 spear
              (10 damage)
             ... on level 2 of the Dungeon.
             The game lasted 00:00:57 (1139 turns).

MisterFreud the Skirmisher (Octopode Gladiator)     Turns: 1139, Time: 00:00:58

Health: -1/26      AC:  1    Str: 13    XL:     3   Next: 27%
Magic:  3/3        EV: 14    Int: 11    God:
Gold:   41         SH:  0    Dex: 13    Spells: 2/2 levels left

rFire    . . .     SeeInvis .   a - +0 long sword
rCold    . . .     Gourm    .   (no shield)
rNeg     . . .     Faith    .   b - +0 hat
rPois    .         Spirit   .   (no amulet)
rElec    .         Reflect  .   (no ring)
rCorr    .         Harm     .   (no ring)
MR       .....                  (no ring)
Stlth    ++........             (no ring)
HPRegen  0.08/turn              (no ring)
MPRegen  0.08/turn              (no ring)
                                (no ring)
                                (no ring)

@: no status effects
A: almost no armour, stealthy swim, amphibious, 8 rings, constrict 8, camouflage
1, gelatinous body 1
a: no special abilities


You were on level 2 of the Dungeon.
You were hungry.

You visited 1 branch of the dungeon, and saw 2 of its levels.

You collected 41 gold pieces.

Inventory:

Hand Weapons
 a - a +0 long sword (weapon)
Missiles
 c - 3 throwing nets (quivered)
 f - 14 arrows
 g - 21 bolts
 h - 31 stones
 l - 12 sling bullets
 m - 8 silver boomerangs
Armour
 b - a +0 hat (worn)
Scrolls
 e - 4 scrolls of teleportation {unknown}
 i - a scroll of fog {unknown}
 j - a scroll of fear {unknown}
 o - a scroll of amnesia {unknown}
 q - a scroll of blinking {unknown}
Potions
 k - a potion of haste {unknown}
 n - a potion of mutation {unknown}
 p - 2 potions of degeneration {unknown}
Comestibles
 d - a ration


   Skills:
 + Level 3.6 Fighting
 - Level 3.0 Long Blades
 - Level 2.0 Throwing
 - Level 3.0 Dodging


You had 2 spell levels left.
You didn't know any spells.
Your spell library was empty.

Dungeon Overview and Level Annotations

Branches:
Dungeon (2/15)

Altars:
Xom


Innate Abilities, Weirdness & Mutations

You cannot wear most types of armour.
You are very stealthy in the water. (Stealth+)
You are amphibious.
You can wear up to eight rings at the same time.
You can use your tentacles to constrict eight enemies at once.
Your skin changes colour to match your surroundings (Stealth+).
Your rubbery body absorbs attacks. (AC +1, EV +1)


Message History

The gnoll is moderately wounded.
You constrict the gnoll.
The gnoll struggles to escape constriction.
The gnoll closely misses you.
You hit the gnoll but do no damage. You squeeze the gnoll.
The gnoll is heavily wounded.
You constrict the gnoll, but do no damage.
The gnoll hits you with a +0 club.
The gnoll hits you from afar with a +0 spear.
The gnoll hits you with a +0 club!
You hit the gnoll.
The gnoll is almost dead.
You constrict the gnoll.
You kill the gnoll!
You have reached level 3!
Your experience leads to an increase in your attributes!
Increase (S)trength, (I)ntelligence, or (D)exterity?
You feel clever.
The gnoll hits you from afar with a +0 spear!
You die...

$...$ .
...K ## .S
l#.# ..
... ..>#.#
.. ....#
#.#(..
#.g..#
#.#####
#.Kg)@#
#####.#
#.# #.#
###.###
#...#<#
###.###.##
#.....#..#
#####.##.#


You could see a gnoll and a kobold.

Vanquished Creatures
  2 gnolls (D:2)
  A leopard gecko (D:1)
  A goblin (D:1)
  3 hobgoblins (D:1)
  A frilled lizard (D:1)
  2 kobolds (D:1)
  5 rats
15 creatures vanquished.

Notes
Turn   | Place    | Note
-------+----------+-------------------------------------------
     0 | D:1      | MisterFreud the Octopode Gladiator began the quest for the
                  | Orb.
     0 | D:1      | Reached XP level 1. HP: 14/14 MP: 1/1
   178 | D:1      | Reached XP level 2. HP: 20/20 MP: 2/2
   959 | D:2      | Found a shimmering altar of Xom.
  1139 | D:2      | Reached XP level 3. HP: 8/26 MP: 3/3
  1139 | D:2      | Slain by a gnoll

Illustrated notes

Levels and vault maps discovered:
D:1:      dpeg_arrival_rhombi, layout_basic
D:2:      layout_basic, minitemple, first_ration, xom_teletrap_fun

Skill      XL: |  1  2 |
---------------+-------+-----
Fighting       | 3 |  3.6
Long Blades    | |  3.0
Throwing       | |  2.0
Dodging        | |  3.0

Action                   || total
-------------------------++-------
Melee: Long sword        ||    22
       Tentacles         ||     6
       Constrict         ||     7
 Stab: Sleeping          ||     2
Armor: Skin              ||     2
Dodge: Dodged            ||    12
       Rpst.: Long sword ||     2

Table legend:
 A = Non-vault XP
 B = Vault XP
 C = Vault XP percentage of total XP
 D = Non-vault monster count
 E = Vault monster count
 F = Vault count percentage of total count
                 A         B        C        D         E       F
            +---------+---------+-------+---------+---------+-------
      Total |      47 |       0 |   0.0 |      15 |       0 |   0.0
            +---------+---------+-------+---------+---------+-------
        D:1 |      18 |       0 |   0.0 |      12 |       0 |   0.0
        D:2 |      29 |       0 |   0.0 |       3 |       0 |   0.0
            +---------+---------+-------+---------+---------+-------
